 Dungeon Crawl Stone Soup version 0.28-a0-447-g1f95980246 (webtiles) character file.

Game seed: 13779669383101682871

58 Gwenloh the Skirmisher (level 4, -2/28 HPs)
             Began as a Tengu Abyssal Knight on Sept 12, 2021.
             Was a Follower of Lugonu.
             Slain by a gnoll (16 damage)
             ... on level 2 of the Dungeon.
             The game lasted 00:03:35 (2199 turns).

Gwenloh the Skirmisher (Tengu Abyssal Knight)       Turns: 2199, Time: 00:03:35

Health: -2/28      AC:  3    Str: 13    XL:     4   Next: 2%
Magic:  6/6        EV: 12    Int: 12    God:    Lugonu [*.....]
Gold:   83         SH:  0    Dex: 14    Spells: 3/3 levels left

rFire   . . .      SeeInvis .   a - +1 mace
rCold   . . .      Faith    .   (no shield)
rNeg    . . .      Spirit   .   b - +0 leather armour
rPois   .          Reflect  .   (helmet restricted)
rElec   .          Harm     .   (no cloak)
rCorr   .          Rampage  .   (no gloves)
Will    .....                   (boots unavailable)
Stlth   +.........              (no amulet)
HPRegen 0.09/turn               (no ring)
MPRegen 0.10/turn               (no ring)

@: no status effects
A: beak, talons 3
a: Renounce Religion, Depart the Abyss


You were on level 2 of the Dungeon.
You worshipped Lugonu.
Lugonu was aware of your devotion.
You visited 1 branch of the dungeon, and saw 2 of its levels.
You visited the Abyss 1 time.

You collected 83 gold pieces.

Inventory:

Hand Weapons
 a - a +1 mace (weapon)
Missiles
 g - 4 boomerangs (quivered)
Armour
 b - a +0 leather armour (worn)
 d - a +0 ring mail
 i - a +0 scale mail
 j - a +0 chain mail
Scrolls
 c - a scroll of identify {unknown}
Potions
 e - a potion of haste {unknown}
 f - a potion of attraction {unknown}
 h - a potion of resistance {unknown}


   Skills:
 + Level 3.5 Fighting
 + Level 2.7 Maces & Flails
 + Level 2.7 Armour
 + Level 1.9 Dodging
 + Level 2.2 Invocations


You had 3 spell levels left.
You didn't know any spells.
Your spell library was empty.

Dungeon Overview and Level Annotations

Branches:
Dungeon (2/15)

Altars:
Dithmenos


Innate Abilities, Weirdness & Mutations

You have a beak for a mouth.
You have claws for feet.


Message History

The gnoll is heavily wounded.
The gnoll completely misses you. The gnoll misses you.
The gnoll barely misses you.
You throw a boomerang. The boomerang hits the gnoll.
The gnoll is almost dead.
The gnoll barely misses you.
The gnoll hits you from afar with a +0 halberd.
You throw a boomerang. The boomerang hits the gnoll.
You kill the gnoll!
Lugonu accepts your kill. The gnoll barely misses you.
You have reached level 4!
You feel stronger. The gnoll closely misses you.
You hit the gnoll. You claw the gnoll. Your peck misses the gnoll.
The gnoll is heavily wounded.
The gnoll hits you with a +0 halberd. The gnoll closely misses you.
You are too injured to fight recklessly!
You are too injured to fight recklessly!
You are too injured to fight recklessly!
You are too injured to fight recklessly!
You are too injured to fight recklessly!
You are too injured to fight recklessly!
You are too injured to fight recklessly!
You are too injured to fight recklessly!
You are too injured to fight recklessly!
You are too injured to fight recklessly!
You are too injured to fight recklessly!
You are too injured to fight recklessly!
You are too injured to fight recklessly!
You are too injured to fight recklessly!
You are too injured to fight recklessly!
You are too injured to fight recklessly!
You are too injured to fight recklessly!
You are too injured to fight recklessly!
You hit the gnoll. You claw the gnoll.
The gnoll is severely wounded.
The gnoll hits you with a +0 halberd!
Ouch! That really hurt!
You die...

#..........+..#
#..........##.#
#..........##.#
#####.......#.#
#######.#.#
#.......#
#.###.### #.#
#.# #.###@#
#...g)# #####.#
#.# #.#
#.'...≈#
###...≈# ...≈≈#
...≈≈


You could see a gnoll.

Vanquished Creatures
  A gnoll (D:2)
  An adder (D:2)
  A worm (D:2)
  5 endoplasms
  A giant cockroach (D:1)
  2 hobgoblins (D:1)
  A quokka (D:1)
  5 ball pythons
  4 bats
  6 goblins
  6 kobolds
  3 rats (D:1)
36 creatures vanquished.

Notes
Turn   | Place    | Note
-------+----------+-------------------------------------------
     0 | Abyss:1  | Gwenloh the Tengu Abyssal Knight began the quest for the
                  | Orb.
     0 | Abyss:1  | Reached XP level 1. HP: 14/14 MP: 3/3
    65 | Abyss:1  | Noticed a crimson imp
    66 | Abyss:1  | Noticed a neqoxec
    76 | D:1      | Escaped the Abyss
   474 | D:1      | Reached XP level 2. HP: 11/19 MP: 4/4
   699 | D:1      | Reached * piety under Lugonu
  1233 | D:1      | Reached XP level 3. HP: 19/23 MP: 5/5
  1918 | D:2      | Found a shadowy altar of Dithmenos.
  1929 | D:2      | Found a faded altar of an unknown god.
  2197 | D:2      | Reached XP level 4. HP: 18/28 MP: 6/6
  2199 | D:2      | Slain by a gnoll

Illustrated notes

Levels and vault maps discovered:
D:1:      dpeg_arrival_rooms_with_view, layout_basic, minmay_misc_feat_pillars
D:2:      layout_basic, hellmonk_ecumenical_altar_zigzags, basic_altar,
          kennysheep_path_1

Skill      XL: |  1  2 |
---------------+-------+-----
Invocations    | 2 |  2.2
Fighting       | |  3.5
Maces & Flails | |  2.7
Armour         | |  2.7
Dodging        | |  1.9

Action                   |  1- 3 |  4- 6 || total
-------------------------+-------+-------++-------
Melee: Mace              |    92 |     2 ||    94
       Kick              |    16 |     2 ||    18
       Peck              |    11 |       ||    11
Throw: Boomerang         |    15 |       ||    15
Invok: Depart the Abyss  |     1 |       ||     1
 Stab: Sleeping          |     2 |       ||     2
Armor: Leather armour    |    25 |       ||    25
Dodge: Dodged            |    67 |     2 ||    69

Table legend: (Time is in decaauts)
 A = Elapsed time spent in this place.
 B = Non-inter-level travel time spent in this place.
 C = Inter-level travel time spent in this place.
 D = Time resting spent in this place.
 E = Time spent auto-exploring this place.
 F = Levels seen in this place.
 G = Mean time per level.
                   A        B        C        D        E       F      G
               +--------+--------+--------+--------+--------+-----+--------+
         Total |   2228 |   2197 |     31 |      3 |   1852 |   3 |  742.7 |
       Dungeon |   2152 |   2121 |     31 |      3 |   1791 |   2 | 1076.0 |
         Abyss |     76 |     76 |      0 |      0 |     61 |   1 |   76.0 |
               +--------+--------+--------+--------+--------+-----+--------+

Top non-repeatable levels by time:
     D:1: 1578 daAuts
     D:2: 574 daAuts
 Abyss:1: 76 daAuts
